 Dungeon Crawl Stone Soup version 0.27.0-1-g7a089689b8 (webtiles) character file.

Game seed: 14111379568622345998

3392 horus123 the Thaumaturge (level 10, -14/62 HPs)
             Began as a Djinni Fire Elementalist on Aug 13, 2021.
             Was a Follower of Ashenzari.
             Demolished by an ogre (28 damage)
             ... on level 7 of the Dungeon.
             The game lasted 00:25:30 (8405 turns).

horus123 the Thaumaturge (Djinni Fire Elementalist) Turns: 8405, Time: 00:25:31

Health: -14/62     AC:  8    Str:  7    XL:     10   Next: 24%
Gold:   297        EV: 18    Int: 20    God:    Ashenzari [*.....] SH:  0 Dex: 14

rFire    + . .     SeeInvis .   B - +3 long sword
rCold    . . .     Faith    .   (no shield)
rNeg     . . .     Spirit   .   w - +2 robe {Will+}
rPois    ∞         Reflect  .   h - +2 hat "Unveiling Foul Odors" {Cun, Fort} (curse)
rElec    .         Harm     .   (no cloak)
rCorr    .         Rampage  .   d - +1 pair of gloves of Ashenzari's Lethargy {Evo, Range} (curse)
Will     ++...                  (boots unavailable)
Stlth    +++.......             (no amulet)
HPRegen  0.20/turn              k - ring of ice
MPRegen  0.00/turn              f - +4 ring of evasion

@: flying
A: sickness immunity, fire resistance 2, cold vulnerability 1, float, innate
caster, hp casting, extra vitality 1
a: Renounce Religion, Shatter the Chains


You were on level 7 of the Dungeon.
You worshipped Ashenzari.
Ashenzari was aware of your devotion.
You visited 2 branches of the dungeon, and saw 8 of its levels.

You collected 297 gold pieces.

Inventory:

Hand Weapons
 n - a +3 spectral mace
 u - a +5 hand axe of venom
 x - a +3 rapier of venom
 B - a +3 long sword (weapon)
Armour
 a - a +0 robe
 d - the cursed +1 pair of gloves of Ashenzari's Lethargy (worn) {Evo, Range}
   (You found it on level 3 of the Dungeon)

   It has a curse which improves the following skills: Evocations: Evocations.
   Ranged Combat: Slings, Bows, Crossbows and Throwing.
 h - the cursed +2 hat "Unveiling Foul Odors" (worn) {Cun, Fort}
   (You found it on level 4 of the Dungeon)

   It has a curse which improves the following skills: Cunning: Dodging and
   Stealth.
   Fortitude: Armour and Shields.
 w - a +2 robe of willpower (worn)
Magical Staves
 y - a staff of air
Jewellery
 c - a ring of resist corrosion
 f - a +4 ring of evasion (right hand)
 k - a ring of ice (left hand)
Wands
 j - a wand of paralysis (7)
 o - a wand of charming (10)
 q - a wand of polymorph (7)
 v - a wand of flame (34)
 C - a wand of mindburst (13)
Scrolls
 l - 2 scrolls of magic mapping
 r - 2 scrolls of identify
 s - a scroll of teleportation
 t - 2 scrolls of fog
Potions
 b - 3 potions of flight
 e - a potion of degeneration
 g - 2 potions of curing
 i - a potion of magic
 m - a potion of resistance
 p - 3 potions of cancellation
 z - a potion of brilliance


   Skills:
 + Level 1.0 Fighting
 + Level 2.0 Short Blades
 + Level 0.8 Maces & Flails
 + Level 3.9(4.9) Dodging
 + Level 3.2(4.1) Stealth
 * Level 10.1 Spellcasting


You had 4 spell levels left.
You knew the following spells:

 Your Spells              Type           Power      Damage    Failure   Level
a - Foxfire               Conj/Fire      100%       2x1d9     1%          1
b - Conjure Flame         Conj/Fire      50%        6-21      1%          3
c - Inner Flame           Hex/Fire       50%        N/A       1%          3
d - Sticky Flame          Conj/Fire      50%        2d7       1%          4
e - Fireball              Conj/Fire      25%        3d11      3%          5
f - Freeze                Ice            100%       1d11      1%          1
g - Ensorcelled Hibernat  Hex/Ice        100%       N/A       1%          2
h - Tukima's Dance        Hex            50%        N/A       1%          3
i - Lesser Beckoning      Tloc           25%        N/A       1%          3
Your spell library was empty.

Dungeon Overview and Level Annotations

Branches:
Dungeon (7/15)             Temple (1/1) D:6

Altars:
Ashenzari
Cheibriados
Dithmenos
Fedhas
Gozag
Hepliaklqana
Kikubaaqudgha
Makhleb
Okawaru
Ru
Sif Muna
Trog
Uskayaw
Vehumet
Wu Jian
Xom
Zin
The Shining One

Shops:
D:1 !   D:2 =   D:6 *

Annotations:
D:7 1 transporter, pikapanic92's ghost, novice TrFi


Innate Abilities, Weirdness & Mutations

You are immune to sickness and miasma.
You are immune to poison.
Your flesh is very heat resistant. (rF++)
You are vulnerable to cold. (rC-)
You float through the air rather than walking.
You learn spells naturally, not from books.
Your magical power is your life essence.
You have superior vitality. (+4 HP)


Message History

You feel a surge of power!
You freeze pikapanic92's ghost.
Pikapanic92's ghost is heavily damaged.
* * * LOW HITPOINT WARNING * * *
Pikapanic92's ghost barely misses you.
You feel much better.
The ogre hits you with the +10 dire flail "Foonee" {vorpal, SInv}.
Pikapanic92's ghost shrieks, "There is no future for me!"
Pikapanic92's ghost closely misses you.
You riposte.
You hit pikapanic92's ghost.
Pikapanic92's ghost is heavily damaged.
You feel a surge of power!
You freeze pikapanic92's ghost!
Pikapanic92's ghost is heavily damaged.
The ogre completely misses you. Pikapanic92's ghost hits you.
Pikapanic92's ghost freezes you.
Aiming: Freeze (safe; 1% risk of failure)
Press: ? - help, Q - select action, (/) - cycle Shift-Dir - straight line, f/p - pikapanic92's ghost
Aim: pikapanic92's ghost, wielding a weapon of freezing (heavily damaged)
You feel a surge of power!
You freeze pikapanic92's ghost.
Pikapanic92's ghost is heavily damaged.
The ogre hits you with the +10 dire flail "Foonee" {vorpal, SInv}!
* * * LOW HITPOINT WARNING * * *
x2 Pikapanic92's ghost barely misses you.
You riposte.
You hit pikapanic92's ghost but do no damage.
Pikapanic92's ghost is heavily damaged.
Aiming: Freeze (safe; 1% risk of failure)
Press: ? - help, Q - select action, (/) - cycle Shift-Dir - straight line, f/p - pikapanic92's ghost
Aim: pikapanic92's ghost, wielding a weapon of freezing (heavily damaged)
You feel a surge of power!
You freeze pikapanic92's ghost.
Pikapanic92's ghost is severely damaged.
* * * LOW HITPOINT WARNING * * *
Pikapanic92's ghost hits you but does no damage.
Unknown command.
Aiming: Freeze (safe; 1% risk of failure)
Press: ? - help, Q - select action, (/) - cycle Shift-Dir - straight line, f/p - pikapanic92's ghost
Aim: pikapanic92's ghost, wielding a weapon of freezing (severely damaged)
You feel a surge of power!
You freeze pikapanic92's ghost!
Pikapanic92's ghost is severely damaged.
* * * LOW HITPOINT WARNING * * *
The ogre hits you with the +10 dire flail "Foonee" {vorpal, SInv}!!
You die...

......... ###### ######+#######.#
#...########........#####.#
#####.$.#.....[#........+......
...#...#..# ..#........#####.#
#..#...#.#..#.#........#####.#
####..#.>.#.#[.#.#..............#
#<##..#..©#!.##..#........#######
#.##......#$)..W@##.###'###
....#.#..©#!.##O.##.###..########
....#.#...#.#..#.#..##..........#
......###.#O#..#.##.............#
......# #.#..# ..##.##..........#
......# #.#.....©##.##.......[..#
......###.#########.##..........#
..#...#....# #..................#
###........###.#.###.#..........#


You could see an ogre and pikapanic92's ghost.

Vanquished Creatures
  Pikel (D:6)
  Eustachio (D:6)
  Duvessa (D:6)
  A black bear (D:7)
  2 orc warriors (D:7)
  A sky beast (D:5)
  2 ice beasts
  4 ogres
  A necrophage (D:5)
  2 centaurs (D:6)
  4 lemures (D:6)
  Blork the orc (D:6)
  A phantom (D:5)
  3 bullfrogs
  3 scorpions
  Dowan (D:6)
  4 wights (D:7)
  A bullfrog zombie (D:6)
  4 hounds
  A jelly (D:6)
  5 orc priests
  2 centaur skeletons
  A scorpion zombie (D:5)
  Ijyb (D:5)
  2 iguanas (D:5)
  A gnoll shaman (D:6)
  3 orc wizards (D:7)
  8 adders
  6 gnolls (D:6)
  A howler monkey zombie (D:6)
  An adder skeleton (D:4)
  A worm (D:4)
  3 dart slugs
  20 orcs
  9 ball pythons
  4 bats
  6 endoplasms
  A giant cockroach (D:1)
  5 goblins
  4 hobgoblins
  9 jackals
  7 kobolds
  4 frilled lizards
  5 rats
148 creatures vanquished.

Vanquished Creatures (collateral kills)
  An ogre (D:5)
1 creature vanquished.

Vanquished Creatures (others)
  523 foxfires
  A fungus (D:1)
524 creatures vanquished.

Grand Total: 673 creatures vanquished

Notes
Turn   | Place    | Note
-------+----------+-------------------------------------------
     0 | D:1      | horus123 the Djinni Fire Elementalist began the quest for
                  | the Orb.
     0 | D:1      | Reached XP level 1. HP: 15/15 MP: 0/0
    87 | D:1      | Reached XP level 2. HP: 14/21 MP: 0/0
   252 | D:1      | Found Ycluefy's Distillery.
   406 | D:1      | Reached skill level 3 in Spellcasting
   572 | D:1      | Reached XP level 3. HP: 24/25 MP: 0/0
   572 | D:1      | Learned a level 1 spell: Freeze
   593 | D:1      | Found a faded altar of an unknown god.
  1042 | D:2      | Found Urchaupp's Jewellery Emporium.
  1058 | D:2      | Reached XP level 4. HP: 23/31 MP: 0/0
  1544 | D:2      | Found a shimmering altar of Xom.
  2095 | D:3      | Reached XP level 5. HP: 27/35 MP: 0/0
  2095 | D:3      | Learned a level 2 spell: Ensorcelled Hibernation
  2099 | D:3      | Reached skill level 4 in Spellcasting
  3205 | D:4      | Reached XP level 6. HP: 9/40 MP: 0/0
  3757 | D:4      | Noticed an ice beast
  3763 | D:4      | Killed an ice beast
  3764 | D:4      | Reached skill level 5 in Spellcasting
  3829 | D:4      | Reached XP level 7. HP: 43/45 MP: 0/0
  3829 | D:4      | Learned a level 3 spell: Tukima's Dance
  4073 | D:5      | Entered Level 5 of the Dungeon
  4073 | D:5      | Noticed Ijyb
  4089 | D:5      | Killed Ijyb
  4252 | D:5      | Found a burning altar of Makhleb.
  4479 | D:5      | Reached skill level 6 in Spellcasting
  4559 | D:5      | Reached XP level 8. HP: 24/51 MP: 0/0
  5160 | D:5      | Found a blossoming altar of Fedhas.
  5161 | D:5      | Found a glowing silver altar of Zin.
  5290 | D:5      | Found an iron altar of Okawaru.
  5346 | D:6      | Noticed Blork the orc
  5353 | D:6      | Killed Blork the orc
  5354 | D:6      | Reached skill level 7 in Spellcasting
  5552 | D:6      | Found a staircase to the Ecumenical Temple.
  5564 | Temple   | Entered the Ecumenical Temple
  5707 | Temple   | Became a worshipper of Ashenzari the Shackled
  5918 | D:6      | Found a shimmering altar of Xom.
  5946 | D:6      | Noticed Duvessa
  5953 | D:6      | Killed Duvessa
  5954 | D:6      | Noticed Dowan
  5961 | D:6      | Killed Dowan
  6135 | D:6      | Reached skill level 8 in Spellcasting
  6135 | D:6      | Reached XP level 9. HP: 51/56 MP: 0/0
  6135 | D:6      | Learned a level 3 spell: Lesser Beckoning
  6262 | D:6      | Found Xeosuor's General Store.
  6265 | D:6      | Noticed Eustachio
  6271 | D:6      | Killed Eustachio
  7018 | D:6      | Noticed Pikel
  7027 | D:6      | Killed Pikel
  7028 | D:6      | Reached skill level 1 in Fighting
  7028 | D:6      | Reached skill level 9 in Spellcasting
  7562 | D:7      | Reached * piety under Ashenzari
  7573 | D:7      | Reached XP level 10. HP: 58/62 MP: 0/0
  7936 | D:7      | Identified the +10 dagger of Dissolution {freeze, rN+ MP+9
                  | Dex+6 SInv}
  7938 | D:7      | Reached skill level 10 in Spellcasting
  8385 | D:7      | Found a transporter.
  8386 | D:7      | Noticed pikapanic92's ghost (novice TrFi)
  8386 | D:7      | Identified the +10 dire flail "Foonee" {vorpal, SInv}
  8388 | D:7      | Identified the +1 leather armour of Gaxoohar {rN+ Dex+6}
  8393 | D:7      | Found a transporter.
  8396 | D:7      | Reached skill level 1 in Short Blades
  8405 | D:7      | Demolished by an ogre

Illustrated notes

Levels and vault maps discovered:
D:1:      scummos_arrival_hexagon, layout_rooms, serial_shops, shop,
          serial_glass, glass_columns_a, glass_columns_a, glass_columns_c,
          glass_columns_c, shapermc_ecumenical_altar_acropolis
D:2:      layout_loops_cross, basic_altar, serial_shops, shop
D:3:      layout_loops_ring, due_unseen_surprise
D:4:      layout_loops_cross
D:5:      layout_gridville, nicolae_overflow_hidden_temple,
          lemuel_flamethrower_2, uniq_ijyb
D:6:      layout_cave_pods, mainiacjoe_overflow_brackets,
          minmay_temple_entry_glassed_door, nicolae_stop_n_shop_2,
          due_unseen_surprise, uniq_blork_the_orc, uniq_eustachio, uniq_pikel,
          uniq_duvessa
D:7:      layout_basic, gammafunk_ghost_smash, david_defended_altar_orc
Temple:   nicolae_temple_figure_eight

Skill      XL: |  1  2  3  4  5  6  7  8  9 10 |
---------------+-------------------------------+-----
Spellcasting   | 3 4 5 6 8 9 10 | 10.1
Stealth        | 2 3 |  3.2
Dodging        | 3 |  3.9
Fighting       | 1 |  1.0
Short Blades   | 2 |  2.0
Maces & Flails | |  0.8

Action                   |  1- 3 |  4- 6 |  7- 9 | 10-12 || total
-------------------------+-------+-------+-------+-------++-------
Melee: Unarmed           |       |     6 |       |       ||     6
       Mace              |       |       |     9 |       ||     9
       Rapier            |       |       |    12 |     3 ||    15
       Long sword        |       |       |       |     3 ||     3
 Cast: Foxfire           |    45 |    40 |   176 |    47 ||   308
       Freeze            |       |    53 |     7 |    10 ||    70
       Ensorcelled Hiber |       |       |     5 |       ||     5
       Tukima's Dance    |       |       |     1 |     1 ||     2
       Fireball          |       |       |     9 |     3 ||    12
Invok: Curse Item        |       |       |     2 |       ||     2
  Use: Scroll            |     1 |     5 |     4 |       ||    10
       Potion            |       |       |       |     1 ||     1
 Stab: Sleeping          |       |     1 |       |       ||     1
Armor: Robe              |     1 |    13 |    13 |     2 ||    29
Dodge: Dodged            |     7 |    40 |    50 |    16 ||   113
       Rpst.: Long sword |       |       |       |     5 ||     5
